 Dungeon Crawl Stone Soup version 0.20-a0-959-gdc9e609 (webtiles) character file.

7555 esteth the Fighter (level 10, -4/95 HPs)
             Began as a Centaur Gladiator on Apr 1, 2017.
             Was a High Priest of Okawaru.
             Slain by Snorg (10 damage)
             ... on level 10 of the Dungeon on Apr 6, 2017.
             The game lasted 00:34:18 (15029 turns).

esteth the Fighter (Centaur Gladiator)             Turns: 15029, Time: 00:34:19

Health: -4/95      AC: 14    Str: 17    XL:     10   Next: 96%
Magic:  12/12      EV:  5    Int:  7    God:    Okawaru [*****.]
Gold:   476        SH:  0    Dex: 14    Spells: 9/9 levels left

rFire    . . .     SeeInvis .   r - +3 flail
rCold    . . .     Gourm    .   (no shield)
rNeg     . . .     Faith    .   v - +0 chain mail
rPois    .         Spirit   .   j - +2 helmet
rElec    .         Reflect  .   o - +1 cloak {+Inv}
rCorr    .         Harm     .   (no gloves)
MR       .....                  (no barding)
Stlth    ..........             (no amulet)
Regen    0.3/turn               s - +2 ring of protection
MPRegen  0.2/turn               (no ring)

@: very quick
A: hooves 3, deformed body, speed 2, tough skin 3
a: Heroism, Finesse, Renounce Religion, Evoke Invisibility


You were on level 10 of the Dungeon.
You worshipped Okawaru.
Okawaru was extremely pleased with you.
You were hungry.

You visited 1 branch of the dungeon, and saw 10 of its levels.

You collected 476 gold pieces.

Inventory:

Hand Weapons
 r - a +3 flail (weapon)
 x - a +0 shortbow
Missiles
 C - 13 arrows
Armour
 b - a +0 leather armour
 c - a +0 helmet
 j - a +2 helmet (worn)
 o - a +1 cloak of invisibility (worn)
 v - a +0 chain mail (worn)
Jewellery
 l - an uncursed ring of fire
 s - a +2 ring of protection (left hand)
Wands
 p - a wand of random effects (19/48)
 q - a wand of flame (48/48)
 F - a wand of iceblast (8/15)
Scrolls
 e - 2 scrolls of recharging
 g - 6 scrolls of remove curse
 t - 6 scrolls of identify
 u - 2 scrolls of magic mapping
 y - a scroll of blinking
 z - a scroll of amnesia
Potions
 d - 3 potions of lignification
 h - 3 potions of agility
 k - a potion of curing
 m - 2 potions of flight
Books
 B - a book of Air

   Spells                             Type                      Level
   a - Shock                          Conjuration/Air              1
   b - Swiftness                      Charms/Air                   2
   c - Static Discharge               Conjuration/Air              3
   d - Airstrike                      Air                          4
   e - Lightning Bolt                 Conjuration/Air              5
 D - a book of Changes

   Spells                             Type                      Level
   a - Beastly Appendage              Transmutation                1
   b - Sticks to Snakes               Transmutation                2
   c - Spider Form                    Transmutation/Poison         3
   d - Ice Form                       Ice/Transmutation            4
   e - Blade Hands                    Transmutation                5
Comestibles
 f - 4 bread rations
 n - 5 fruits
 A - 3 royal jellies


   Skills:
 - Level 11.0 Fighting
 - Level 10.8 Maces & Flails
 + Level 10.4 Bows
 - Level 2.1 Throwing
 - Level 2.1 Dodging
 - Level 3.4 Evocations


You had 9 spell levels left.
You didn't know any spells.

Dungeon Overview and Level Annotations

Branches:
Dungeon (10/15)            Temple (0/1) D:5
   Lair: D:8-11         Orc: D:9-12

Altars:
Elyvilon
Gozag
Nemelex Xobeh
Okawaru
Qazlal
Ru
The Shining One

Annotations:
D:10 Snorg


Innate Abilities, Weirdness & Mutations

You have hooves in place of feet.
Armour fits poorly on your strangely shaped body.
You cover ground very quickly.
You have extremely tough skin. (AC +3)


Message History

Snorg claws you but does no damage.
You sock Snorg! You kick Snorg.
Snorg is severely wounded.
Snorg goes berserk!
Wield which item (- for none, * to show all)? (? for menu, Esc to quit)
Okay, then.
You feel better. Snorg barely misses you. x2
Snorg claws you but does no damage.
All of the chunks of flesh in your inventory have rotted away.
Snorg rages.
Snorg bites you but does no damage. Snorg claws you!
* * * LOW HITPOINT WARNING * * *
Snorg claws you.
* * * LOW HITPOINT WARNING * * *
Wield which item (- for none, * to show all)? (? for menu, Esc to quit)
Okay, then.
You feel better. Snorg bites you!
* * * LOW HITPOINT WARNING * * *
Snorg claws you!
You die...

.## ##.### ##).>.>.. .## ##..#
###.####..# ..###### #..# ##..##
#### .......# #(## ##..##
.......# #.# ##..## ..###### #.#
##..## .## #.###..## .##
########.T...## ..##
#[.......@))## ##)##
##..##.......#
##.###..######....##
#..##..######.....##
##..#....##........#### #####
####..####..............####...##
......# #......................#
##...## ##......................#
##....###..###...........#...##.#


You could see Snorg (berserk).

Vanquished Creatures
  The ghost of Graouh the Basher, a novice MiFi of Okawaru (D:9)
  2 two-headed ogres
  A gargoyle (D:9)
  A hippogriff (D:7)
  A basilisk (D:10)
  A hungry ghost (D:7)
  A water moccasin (D:8)
  A sky beast (D:8)
  2 black bears (D:9)
  4 orc warriors
  2 ice beasts
  2 phantoms
  The ghost of Alarkh the Charmwright, an amateur DsSk (D:3)
  A centaur (D:9)
  5 ogres
  5 bullfrogs
  3 killer bees (D:7)
  2 scorpions
  3 wights (D:10)
  4 howler monkeys
  3 crimson imps
  5 orc priests
  2 bullfrog zombies
  3 jellies
  A centaur skeleton (D:7)
  A quasit (D:9)
  Crazy Yiuf (D:2)
  3 hounds
  9 orc wizards
  A bullfrog skeleton (D:10)
  Terence (D:2)
  3 iguanas
  4 worker ants
  A killer bee zombie (D:7)
  A hound skeleton (D:7)
  A howler monkey zombie (D:8)
  2 worker ant zombies
  4 gnolls
  A howler monkey skeleton (D:9)
  10 adders
  4 shadow imps
  An adder zombie (D:8)
  An adder skeleton (D:6)
  2 worms
  6 dart slugs
  11 leopard geckos
  29 orcs
  3 ball pythons
  9 bats
  7 giant cockroaches
  13 goblins
  6 hobgoblins
  8 jackals
  3 quokkas
  5 frilled lizards
  A giant cockroach zombie (D:6)
  4 kobolds
  2 leopard gecko skeletons
  A leopard gecko zombie (D:5)
  8 rats
224 creatures vanquished.

Notes
Turn   | Place    | Note
-------+----------+-------------------------------------------
     0 | D:1      | esteth the Centaur Gladiator began the quest for the Orb.
     0 | D:1      | Reached XP level 1. HP: 17/17 MP: 1/1
   106 | D:1      | Reached XP level 2. HP: 24/24 MP: 2/2
   486 | D:1      | Reached XP level 3. HP: 27/29 MP: 3/3
  1013 | D:2      | Found a white marble altar of Elyvilon.
  1293 | D:2      | Noticed Terence
  1323 | D:2      | Killed Terence
  1323 | D:2      | Reached XP level 4. HP: 14/36 MP: 4/4
  1579 | D:2      | Found a runed door.
  1906 | D:2      | Noticed Crazy Yiuf
  1915 | D:2      | Killed Crazy Yiuf
  1915 | D:2      | Reached skill level 5 in Maces & Flails
  2223 | D:3      | Reached XP level 5. HP: 23/41 MP: 5/5
  2435 | D:3      | Found an iron altar of Okawaru.
  2435 | D:3      | Noticed Alarkh's ghost (amateur DsSk)
  2439 | D:3      | Became a worshipper of Warmaster Okawaru
  2469 | D:2      | Reached skill level 1 in Evocations
  2752 | D:3      | Killed Alarkh's ghost
  2943 | D:3      | Reached XP level 6. HP: 25/48 MP: 8/8
  3950 | D:4      | Reached skill level 3 in Fighting
  3958 | D:4      | Reached * piety under Okawaru
  4416 | D:4      | Reached skill level 4 in Fighting
  4416 | D:4      | Reached XP level 7. HP: 28/60 MP: 9/9
  4640 | D:4      | Reached skill level 5 in Fighting
  4860 | D:4      | Found a sacrificial altar of Ru.
  5108 | D:4      | Reached ** piety under Okawaru
  5108 | D:4      | Reached skill level 6 in Fighting
  5298 | D:4      | Upgraded the game from 0.20-a0-945-g3bf614a to 0.20-a0-947-g2784f4f
  5533 | D:5      | Entered Level 5 of the Dungeon
  5645 | D:5      | Found an opulent altar of Gozag.
  5935 | D:5      | Noticed a fire elemental
  5937 | D:5      | Found a stormy altar of Qazlal.
  5939 | D:5      | Noticed an air elemental
  5939 | D:5      | Noticed a water elemental
  6414 | D:5      | Found a staircase to the Ecumenical Temple.
  6414 | D:5      | Found a faded altar of an unknown god.
  6849 | D:6      | Reached XP level 8. HP: 66/70 MP: 10/10
  6853 | D:6      | Reached skill level 9 in Fighting
  6853 | D:6      | Reached XP level 9. HP: 84/84 MP: 11/11
  7620 | D:6      | Found a glowing golden altar of the Shining One.
  8924 | D:7      | Reached *** piety under Okawaru
  8924 | D:7      | Reached skill level 10 in Maces & Flails
 10382 | D:8      | Noticed a two-headed ogre
 10640 | D:8      | HP: 2/84 [two-headed ogre/giant club (13)]
 11065 | D:8      | Reached XP level 10. HP: 91/91 MP: 12/12
 11572 | D:9      | Noticed a two-headed ogre
 11579 | D:9      | Killed a two-headed ogre
 11579 | D:9      | Reached **** piety under Okawaru
 11579 | D:9      | Reached skill level 10 in Fighting
 11829 | D:9      | Noticed a gargoyle
 11910 | D:9      | Noticed Graouh's ghost (novice MiFi)
 12026 | D:9      | Received a gift from Okawaru
 12113 | D:9      | Killed Graouh's ghost
 12537 | D:9      | Killed a gargoyle
 12949 | D:9      | Noticed a two-headed ogre
 13521 | D:9      | Found a sparkling altar of Nemelex Xobeh.
 13711 | D:10     | Entered Level 10 of the Dungeon
 13761 | D:10     | Reached skill level 11 in Fighting
 13838 | D:9      | Upgraded the game from 0.20-a0-947-g2784f4f to 0.20-a0-959-gdc9e609
 14277 | D:10     | Noticed a two-headed ogre
 14356 | D:10     | Killed a two-headed ogre
 14356 | D:10     | Reached ***** piety under Okawaru
 14356 | D:10     | Reached skill level 10 in Bows
 14964 | D:10     | Noticed Snorg
 15029 | D:10     | Slain by Snorg

Vault maps used:
D:1:      minmay_arrival_three_doors, minmay_pentomino_u4
D:2:      elyvilon_altar_1, uniq_crazy_yiuf_cottage, uniq_terence
D:3:      okawaru_trees_1
D:4:      nicolae_ru_sacrificial_ziggurat, first_bread
D:5:      nicolae_gozag_seed_capital, nicolae_temple_entry_ecumenical,
          nicolae_qazlal_style_of_elements
D:6:      tso_altar
D:9:      wad_arrow_thing, lemuel_round_altar
D:10:     uniq_snorg

Skill      XL: |  1  2  3  4  5  6  7  8  9 10 |
---------------+-------------------------------+-----
Maces & Flails | 3 4 5 6 9 10 | 10.8
Evocations     | 3 |  3.4
Fighting       | 4 6 9 11 | 11.0
Bows           | 9 10 | 10.4
Throwing       | |  2.1
Dodging        | |  2.1

Action                   |  1- 3 |  4- 6 |  7- 9 | 10-12 || total
-------------------------+-------+-------+-------+-------++-------
Melee: Flail             |   147 |   203 |   505 |   253 ||  1108
       Kick              |    31 |    49 |   125 |    67 ||   272
       Punch             |       |       |       |     1 ||     1
 Fire: Shortbow          |       |       |       |    36 ||    36
Throw: Throwing net      |     1 |     3 |       |       ||     4
Invok: Heroism           |       |       |       |     3 ||     3
  Use: Potion            |       |       |    10 |     8 ||    18
       Scroll            |       |       |     8 |     3 ||    11
 Stab: Held in net/web   |       |     1 |       |       ||     1
  Eat: Chunk             |     1 |     8 |    18 |     6 ||    33
       Bread ration      |       |       |     1 |     1 ||     2
Armor: Leather armour    |    68 |    45 |       |       ||   113
       Chain mail        |       |   118 |   303 |   139 ||   560
Dodge: Dodged            |   100 |    99 |   107 |    59 ||   365
